[Event "Hungarian U20 Junior-ch Men 2024"]
[Site "Budapest"]
[Date "2024.03.11"]
[Round "1.1"]
[White "Pasztor, Balazs"]
[Black "Karacsonyi, Gellert"]
[Result "1-0"]
[ECO "B76"]
[WhiteElo "2406"]
[BlackElo "2386"]
[Annotator "TA"]
[PlyCount "77"]
[EventDate "2024.03.10"]
[EventCountry "HUN"]
[SourceTitle "playchess.com"]
[Source "ChessBase"]
[SourceQuality "1"]
[TimeControl "40/5400+30:1800+30"]

1. e4 c5 2. Nf3 d6 3. d4 cxd4 4. Nxd4 Nf6 5. Nc3 g6 6. Be3 Bg7 7. f3 O-O 8. Qd2 Nc6 9. O-O-O d5 10. exd5 Nxd5 11. Nxc6 bxc6 12. Bd4 e5 13. Bc5 Be6 14. Ne4 Re8 15. h4 h5 16. Kb1 Nf4 17. g3 Qxd2 {[%emt 0:04:03] White is slightly better.} 18. Rxd2 (18. Nxd2 $5 Nd5 $8 19. Ne4 $11) 18... Nd5 19. Rhh2 (19. Bc4 $5) 19... Red8 20. c4 Nf6 (20... Bf5 $5) 21. Rxd8+ Rxd8 22. Rd2 (22. Bxa7 $2 {is the wrong capture.} Rd1+ 23. Kc2 Rxf1 $19) 22... Rxd2 23. Nxd2 a6 24. Kc2 Nd7 25. Be3 f5 26. b4 f4 27. gxf4 Bh6 28. Ne4 exf4 {[%emt 0:00:39] [#]} 29. Bd4 Bg7 (29... g5 $16) 30. Bxg7 $18 Kxg7 {[%emt 0:00:02][%mdl 4096] Endgame. KBN-KBN} 31. Kc3 Ne5 (31... c5 $142 32. bxc5 Nb8) 32. Ng5 Bf5 33. Kd4 {[%emt 0:00:29] White is clearly winning.} Nf7 34. Nxf7 Kxf7 35. Ke5 Ke7 36. c5 Bc8 37. Kxf4 Kf6 38. a3 Bb7 39. Bh3 {[%emt 0:00:00] Weighted Error Value: White=0.09 (flawless) /Black=0.36.  Mistake:       	---       	Black=2      Inaccurate:     	White=3     	Black=3      OK:         	White=9     	Black=4      Best:        	White=2     	Black=1} 1-0

[Event "Hungarian U20 Junior-ch Men 2024"]
[Site "Budapest"]
[Date "2024.03.11"]
[Round "1.2"]
[White "Juhasz, Agoston"]
[Black "Szikszai, Bertalan"]
[Result "1-0"]
[ECO "B51"]
[WhiteElo "2406"]
[BlackElo "2312"]
[Annotator "TA"]
[PlyCount "99"]
[EventDate "2024.03.10"]
[EventCountry "HUN"]
[SourceTitle "playchess.com"]
[Source "ChessBase"]
[SourceQuality "1"]
[TimeControl "40/5400+30:1800+30"]

1. e4 c5 2. Nf3 d6 3. Bb5+ Nd7 4. O-O a6 5. Bd3 Ngf6 6. Re1 {[%emt 0:00:22] B51: Sicilian: Moscow Variation (3 Bb5+) without 3...Bd7.} e6 7. Bf1 $1 {[%emt 0:01:01][%mdl 4] is more profitable than 7.c3 at the moment.} Be7 8. d4 cxd4 9. Nxd4 O-O 10. c4 Qc7 11. b3 b6 12. Bb2 Bb7 13. Nc3 $146 ({Predecessor:} 13. f3 Rfe8 14. Nc3 Rac8 15. Rc1 Qb8 16. Kh1 Bd8 17. Bd3 Bc7 18. Bb1 h6 19. Qc2 {1-0 Abdumalik,Z (2491)-Vantika,A (2381) Wch Blitz (Women) 2021 (7)}) 13... Rfe8 14. Qd2 Rac8 15. Rad1 Nc5 16. f3 Bf8 17. Kh1 Ncd7 18. Qf2 Ne5 19. Rc1 Nfd7 20. Qg3 Ng6 21. Red1 h5 22. f4 ({Better is} 22. Rc2 $14) 22... Nf6 23. Re1 e5 24. fxe5 Nxe5 25. Nd5 Nxd5 26. exd5 Qd7 {[%emt 0:01:04] [#]} (26... g6 $1 $14) 27. Nf3 (27. Be2 $1 $18) 27... Ng4 $2 (27... Qg4 $16 {might work better.}) 28. h3 $18 Nh6 29. Bd3 b5 $2 (29... Rxe1+ 30. Rxe1 Re8) 30. Ng5 $18 bxc4 31. bxc4 Nf5 32. Qf3 g6 33. g4 Ng7 (33... hxg4 $142 34. hxg4 Nh6) 34. Rf1 $18 Re7 35. gxh5 Nf5 36. Ne4 Bg7 37. Bxg7 Kxg7 38. Rg1 Rh8 39. Rcf1 Bc8 (39... Re5 $142 40. Nxd6 Qxd6 (40... Nxd6 $2 {perishes.} 41. Qf6+ Kf8 42. Qxh8+ $18)) 40. hxg6 $18 fxg6 41. Rxg6+ Kxg6 42. Qg4+ Kf7 43. Rxf5+ Ke8 44. Nf6+ Kd8 45. Nxd7 Bxd7 46. Qg3 Bxf5 47. Qxd6+ Bd7 48. Qb6+ ({Not} 48. Qxa6 Rxh3+ (48... Bxh3 $2 {too greedy.} 49. Qf6 $18) 49. Kg2 Rxd3 $11) 48... Kc8 49. Qxa6+ Kd8 50. Qa5+ 1-0

[Event "Hungarian U20 Junior-ch Men 2024"]
[Site "Budapest"]
[Date "2024.03.11"]
[Round "1.3"]
[White "Kolimar, Kristof Pal"]
[Black "Gombocz, Ferenc Jr."]
[Result "0-1"]
[ECO "D02"]
[WhiteElo "2282"]
[BlackElo "2351"]
[Annotator "TA"]
[PlyCount "82"]
[EventDate "2024.03.10"]
[EventCountry "HUN"]
[SourceTitle "playchess.com"]
[Source "ChessBase"]
[SourceQuality "1"]
[TimeControl "40/5400+30:1800+30"]

1. Nf3 d5 2. d4 Nf6 3. c4 c6 4. g3 dxc4 5. Bg2 b5 6. Ne5 Bb7 7. a4 {[%emt 0:00:36] And now axb5 would win.} a6 8. b3 {[%emt 0:00:26] The position is equal.} cxb3 $1 9. Qxb3 e6 10. Bb2 Be7 11. O-O O-O 12. Nd2 Ra7 13. Rfc1 {[%emt 0:14:51] [#]} c5 $1 14. axb5 {[%emt 0:22:14] Black must now prevent b6.} Bxg2 15. Kxg2 {[%emt 0:00:02] Strongly threatening b6.} Rb7 16. Qd3 Rxb5 17. Ndc4 Nfd7 (17... Qd5+ $15 18. Kg1 cxd4 19. Qxd4 a5) 18. Rd1 cxd4 19. Nxd7 Qxd7 20. Bxd4 Nc6 (20... Qb7+ $17 21. Qf3 Qxf3+ 22. exf3 Rc8) 21. Qe4 (21. Be3 $1 $11 Qc8 22. Nd6 Bxd6 23. Qxd6) 21... Qd5 $17 22. Qxd5 exd5 23. Ne5 Nxd4 24. Rxd4 Bf6 $36 {[%emt 0:00:22][%mdl 2048] Black has strong initiative.} 25. f4 a5 26. Rad1 (26. Rda4 $17) 26... Bxe5 27. fxe5 Re8 28. Rxd5 (28. Kf2 $17 {was called for.}) 28... Rxd5 $19 (28... Rxe5 29. Rd8+) 29. Rxd5 $17 {[%emt 0:00:02][%mdl 4096] Endgame. [#] KR-KR} Ra8 30. Rd3 a4 {[%emt 0:00:04] Threatens to win with ...a3.} 31. Ra3 Kf8 32. Kf3 Ke7 33. Ke4 Ke6 34. h4 $2 {[%emt 0:00:37] This move loses the game for White.} (34. g4 $17) 34... h5 $19 35. Kf4 Ra5 36. e3 $2 (36. Ke4) 36... g6 {[%emt 0:00:08] Black is clearly winning.} ({Less strong is} 36... Rxe5 37. Rxa4 Rf5+ 38. Ke4 $11) 37. e4 (37. Ke4 $142) 37... Ra7 ({And not} 37... Rxe5 38. Rxa4 Rb5 39. Rc4 $11) 38. Kf3 Kxe5 39. Ke3 Ra6 40. Kd3 Rd6+ 41. Ke3 Rd4 {[%emt 0:00:18] Weighted Error Value: White=0.33/Black=0.10 (very precise) .  Loses game:     	White=1     	---        Mistake:       	White=5     	Black=2      Inaccurate:     	White=4     	---        OK:         	White=9     	Black=16     Best:        	White=1     	Black=3      Strong:       	---       	Black=1} 0-1

[Event "Hungarian U20 Junior-ch Men 2024"]
[Site "Budapest"]
[Date "2024.03.11"]
[Round "1.4"]
[White "Bodrogi, Bendeguz"]
[Black "Pasti, Aron"]
[Result "1-0"]
[ECO "A05"]
[WhiteElo "2316"]
[BlackElo "2373"]
[Annotator "TA"]
[PlyCount "85"]
[EventDate "2024.03.10"]
[EventCountry "HUN"]
[SourceTitle "playchess.com"]
[Source "ChessBase"]
[SourceQuality "1"]
[TimeControl "40/5400+30:1800+30"]

1. Nf3 Nf6 2. g3 g6 3. Bg2 Bg7 4. O-O O-O 5. d4 d6 6. Nc3 Nbd7 7. a4 $1 {[%emt 0:00:06][%mdl 4] is now more promising than 7.e4.} d5 {[%emt 0:01:58] A49: 1 d4 Nf6 2 Nf3 g6 3 g3: Anti-King's Indian systems.} 8. e4 $146 ({Predecessor:} 8. a5 Nb8 9. Ne5 Bf5 10. Bf4 Na6 11. Qd2 c6 12. Rfe1 Nd7 13. Nf3 Nf6 14. Ne5 Nd7 15. Rad1 Nxe5 16. dxe5 Qxa5 {0-1 Petrov,N (2464)-Grigoriants,S (2587) Reykjavik op 2016 (10)}) 8... dxe4 9. Ng5 e5 10. d5 Nb6 11. Ngxe4 Nxe4 12. Nxe4 f5 13. a5 (13. Bg5 $5 Qe8 14. a5 $14) 13... Nc4 (13... Nxd5 $2 14. Bg5 Qe8 (14... Qd7 $2 15. Nc5 $18) 15. Qxd5+ $18) 14. Qe2 (14. d6 {feels hotter.} Nxd6 15. Bg5 Qd7 16. Nxd6 cxd6 17. Qd5+) 14... Nd6 15. Nxd6 cxd6 16. c4 Qf6 17. f4 e4 18. Ra2 Bd7 19. Be3 b5 (19... b6 $1 $11) 20. axb6 ({Only move:} 20. cxb5 $16 Rfb8 21. b6) 20... axb6 $11 21. Rfa1 Rxa2 22. Rxa2 Rb8 $1 23. Ra6 Qd8 24. b4 b5 25. c5 dxc5 26. Bxc5 (26. bxc5 $2 b4 27. c6 b3 $19) 26... Bc8 (26... Ra8 $11 27. Qa2 Rxa6 28. Qxa6 Qe8) 27. Rd6 $16 Qe8 28. Bf1 Bf8 {[%emt 0:01:41] [#]} 29. Rf6 $1 Be7 (29... Bg7 $16 30. Rc6 h5) 30. Rc6 $18 Bb7 $2 (30... Bd7 31. Rc7 Bf6) 31. Re6 $18 Bxc5+ 32. bxc5 Qf8 33. Rd6 (33. Qxb5 Bxd5 34. Rb6 Rc8 $16) (33. d6 Bc6 34. Qb2 Rb7 $18) 33... Ba8 34. Qb2 e3 35. Qe5 (35. Bxb5 Qe7 36. Qa1 (36. Rd7 $2 Qxd7 37. Qe5 Rxb5 $19) 36... Rxb5 $11) 35... Re8 36. Re6 Rd8 (36... Rxe6 $142 37. Qxe6+ Qf7) 37. d6 $18 ({Inferior is} 37. Bxb5 Qxc5 (37... Rxd5 38. Qxe3 Qxc5 39. Be2 $11) 38. d6 (38. Qxe3 Qxb5 $11) 38... Qc1+ 39. Bf1 Qc6 40. Qxe3 (40. Rxg6+ hxg6 41. Qe6+ Kg7 $11) 40... Rb8 $11) 37... Be4 38. Bxb5 Rb8 39. Re8 Qxe8 40. Qxe8+ (40. Bc4+ Qf7 41. Bxf7+ Kxf7 42. Qe7+ Kg8 43. Qe6+ Kf8 44. Qf6+ Kg8 $18) 40... Rxe8 41. Bxe8 Kf8 42. Bb5 Kf7 43. c6 1-0

[Event "Hungarian U20 Junior-ch Men 2024"]
[Site "Budapest"]
[Date "2024.03.11"]
[Round "1.5"]
[White "Palczert, Matyas"]
[Black "Tancsa, Tamas"]
[Result "1/2-1/2"]
[ECO "C47"]
[WhiteElo "2297"]
[BlackElo "2273"]
[Annotator "TA"]
[PlyCount "77"]
[EventDate "2024.03.10"]
[EventCountry "HUN"]
[SourceTitle "playchess.com"]
[Source "ChessBase"]
[SourceQuality "1"]
[TimeControl "40/5400+30:1800+30"]

1. e4 e5 2. Nf3 Nc6 3. Nc3 Nf6 4. Nd5 Nb4 5. Nxb4 Bxb4 6. c3 Be7 7. Nxe5 Nxe4 8. d3 Nf6 9. d4 d6 10. Nf3 O-O 11. Bd3 Bg4 12. h3 Bh5 13. O-O Qd7 14. Re1 Rfe8 15. Bg5 Nd5 {[%emt 0:13:47] [#] Zielt auf ...Bxg5 ab.} 16. Bd2 Bf6 17. Be4 Nb6 18. Qc2 Bg6 19. Bxg6 hxg6 20. b3 a5 21. a4 Nd5 22. Qd3 b6 23. Re4 c6 24. Rae1 Nc7 25. Bg5 Rxe4 26. Rxe4 Re8 27. Bxf6 gxf6 (27... Rxe4 {vereinfacht} 28. Qxe4 gxf6 29. Qd3 Kf8) 28. Rh4 Qe6 29. Qd2 (29. c4 $11) 29... f5 (29... Qxb3 30. Qh6 Qd1+ 31. Kh2) (29... g5 $1 $15 30. Rg4 (30. Rh6 $2 Kg7 $19) 30... Qxb3) 30. d5 Nxd5 (30... cxd5 31. Qd4 f6 32. Rh6 $18 (32. Qxb6 g5 $18)) (30... Qxd5 31. Qh6) 31. Qd4 {[%emt 0:00:45] [#]} (31. c4 $1 $11 Nf6 32. Qh6) 31... Qf6 (31... Nf6 $1 $17 {Droht stark ...c5.} 32. Qxb6 c5) 32. c4 $1 $11 {[%emt 0:00:10] Die Stellung ist ausgeglichen.} Qxd4 33. Rxd4 {[%emt 0:00:01][%mdl 4096] Endspiel. KRN-KRN} Nb4 34. Rxd6 Re2 35. Nd4 Rb2 36. Nxc6 Nxc6 37. Rxc6 Rxb3 38. c5 b5 39. axb5 {[%emt 0:00:40] Gewichteter Fehlerwert: Weiß=0.15 (sehr präzise) /Schwarz=0.12 (sehr präzise) .  Fehler:       	Weiß=2     	Schwarz=2     Ungenau:       	Weiß=2     	Schwarz=2     OK:         	Weiß=9     	Schwarz=20    Bester:       	Weiß=1     	---        Stark:        	Weiß=1     	---} 1/2-1/2

[Event "Hungarian U20 Junior-ch Men 2024"]
[Site "Budapest"]
[Date "2024.03.12"]
[Round "2.1"]
[White "Karacsonyi, Gellert"]
[Black "Tancsa, Tamas"]
[Result "1-0"]
[ECO "C55"]
[WhiteElo "2386"]
[BlackElo "2273"]
[Annotator "TA"]
[PlyCount "65"]
[EventDate "2024.03.10"]
[EventCountry "HUN"]
[SourceTitle "playchess.com"]
[Source "ChessBase"]
[SourceQuality "1"]
[TimeControl "40/5400+30:1800+30"]

1. e4 e5 2. Nf3 Nc6 3. Bc4 Nf6 4. d3 Be7 5. O-O O-O 6. Nc3 d6 7. a4 Be6 8. Nd5 h6 (8... Bxd5 $5 9. exd5 Nb8 $14 (9... Nb4 10. d4 $14)) 9. Re1 {[%emt 0:06:05] White is slightly better.} Re8 10. a5 a6 11. c3 Bf8 12. h3 Bxd5 13. exd5 Ne7 14. Qb3 Rb8 15. d4 exd4 16. Nxd4 Nexd5 17. Bxh6 c6 18. Bg5 $36 {[%emt 0:03:43][%mdl 2048] [#] aiming for Bxf6. White is more active. White is much more active.} Qd7 19. Nf3 Qc7 20. Qa2 g6 21. Red1 Bg7 22. Qb1 (22. Bb3 $14) 22... Kh8 (22... Ne4 $11 {keeps the balance.}) 23. Qd3 $16 b5 24. axb6 Rxb6 25. Rd2 (25. Bxa6 Rxb2 26. Re1 Qa7 $17) 25... Ne4 (25... Qb8 $16) 26. Re2 $18 f5 27. Bxd5 (27. Bxa6 $6 Ra8 $14) (27. Rxa6 $6 Rxa6 28. Bxa6 Ra8 $14) 27... cxd5 28. Qxd5 Reb8 29. Bc1 Nxc3 $2 (29... Qc6 30. Qxc6 Rxc6) 30. bxc3 {[%emt 0:01:42] And now Ra4 would win. White is clearly winning.} Qxc3 {[%emt 0:00:00] [#]} 31. Ra4 $1 (31. Rea2 Rb1 32. Rxb1 Rxb1 $11) 31... Rb4 32. Rxb4 (32. Bb2 $142 Qc4 33. Qxc4 Rxc4 34. Bxg7+ (34. Rxc4 Bxb2 35. Re6 Ba3 $18) (34. Rxa6 Rxb2 35. Re1 Rbc2 $16) 34... Kxg7 35. Rxc4) 32... Qxb4 33. Kh2 {[%emt 0:00:34] Weighted Error Value: White=0.12 (very precise) /Black=0.22 (precise) .  Mistake:       	White=1     	Black=3      Inaccurate:     	White=1     	Black=2      OK:         	White=7     	Black=11     Best:        	White=2     	---} 1-0

[Event "Hungarian U20 Junior-ch Men 2024"]
[Site "Budapest"]
[Date "2024.03.12"]
[Round "2.2"]
[White "Pasti, Aron"]
[Black "Palczert, Matyas"]
[Result "1/2-1/2"]
[ECO "B12"]
[WhiteElo "2373"]
[BlackElo "2297"]
[Annotator "TA"]
[PlyCount "142"]
[EventDate "2024.03.10"]
[EventCountry "HUN"]
[SourceTitle "playchess.com"]
[Source "ChessBase"]
[SourceQuality "1"]
[TimeControl "40/5400+30:1800+30"]

1. e4 c6 2. d4 d5 3. e5 Bf5 4. h4 h5 5. Bd3 Bxd3 6. Qxd3 {[%emt 0:01:15] B12: Caro-Kann (Vorstoß-Variante).} Qa5+ 7. Nd2 e6 8. c3 Qa6 9. c4 $146 ({Predecessor:} 9. Qxa6 Nxa6 10. b4 Ne7 11. Nb3 Nf5 12. a4 b6 13. Nf3 Be7 14. Bg5 f6 15. Bf4 {1-0 Kacharava,N (2480)-Akhvlediani,I (2433) GEO-ch 81st Tbilisi 2022 (4)}) 9... c5 10. Ngf3 Nc6 11. dxc5 Bxc5 12. O-O Nh6 13. a3 Ng4 14. Rb1 Ncxe5 15. Nxe5 Nxe5 16. Qg3 Ng4 (16... Nxc4 $6 17. Qxg7 O-O-O 18. Nxc4 $11) 17. cxd5 exd5 ({Vorzuziehen ist} 17... Bb6 $17 18. dxe6 fxe6) 18. Nb3 (18. b4 $1 $11 {hält das Gleichgewicht.} Bd6 19. Re1+ Kf8 20. Qf3) 18... Bb6 $17 19. Re1+ Kf8 $1 20. Be3 {[%emt 0:07:56] [#]} (20. Rf1 $17) 20... Bxe3 $1 $19 21. fxe3 Re8 22. Nc5 Qb5 23. Qc7 {[%emt 0:02:53] [#]} Qc6 (23... Nxe3 $2 24. Nd7+ Kg8 25. Ne5 $18) (23... Rh6 $1 $19 {[%cal Rh6c6] und Schwarz behält klar die Oberhand. Zielt auf ...Rc6 ab.} 24. a4 Qc6 25. Qxc6 Rxc6) 24. Qxc6 $17 bxc6 25. e4 dxe4 26. Nxe4 Rh6 27. Nf2 Ne3 28. Re2 Nf5 29. Rxe8+ Kxe8 30. Rc1 Re6 31. Nd3 Nxh4 32. Nf4 Rd6 33. Nxh5 Rd2 34. g3 Nf3+ 35. Kf1 Rh2 (35... Rxb2 $17 {Und jetzt ...Rb5 wäre schön.} 36. Rxc6 g6 37. Nf6+ Ke7) 36. Rc3 Nd4 37. g4 g6 38. Re3+ Kf8 39. Nf6 $1 Kg7 (39... Rxb2 $2 40. Re8+ Kg7 41. g5 Rb1+ 42. Kg2 $18) 40. Ne8+ Kh6 41. Nd6 Kg5 (41... Rxb2 42. Nxf7+ Kg7 43. Re7 $11) 42. b4 $2 (42. Re4 $15 Nf3 43. Nxf7+ Kh4 44. Re2) 42... Kxg4 43. Nxf7 (43. Re4+ $2 Kf3 44. Ke1 Nb3 $19) 43... Kf4 44. Rd3 Nf3 45. Nd6 $2 (45. Rd6 {war die entscheidende Verteidigung.}) 45... g5 46. Rc3 Rd2 (46... Ra2 $142 47. Rxc6 Nd2+ (47... Rxa3 48. Rc8 $17) 48. Ke2 g4) 47. Rxc6 $2 (47. Rc4+ {ist der einzige Weg für Weiss..} Nd4 48. b5 cxb5 49. Nxb5) 47... g4 $2 ({Besser ist} 47... Rd1+ $19 48. Kf2 Ne5 (48... Rd2+ $2 49. Kf1 $19)) 48. Rc4+ $15 Ke5 $1 49. Nf7+ $1 Ke6 ({Günstiger ist} 49... Kf5 $1 $15 50. Nh6+ Kg5) 50. Rxg4 $11 Nh2+ ({Viel schwächer wäre} 50... Kxf7 $6 51. Rf4+ Ke7 52. Rxf3 $18) 51. Ke1 Nf3+ 52. Kf1 Nh2+ (52... Kxf7 53. Rf4+ Ke6 54. Rxf3) 53. Ke1 Nxg4 54. Ng5+ Kf5 55. Kxd2 Kxg5 56. Kd3 Ne5+ 57. Kd4 Kf6 58. Kd5 Nf7 59. Kc6 Nd8+ 60. Kc7 Ke7 61. b5 Ne6+ 62. Kb7 Nd4 63. a4 Kd6 64. Kxa7 Kc5 65. b6 Nc6+ 66. Ka6 Kb4 67. b7 Kxa4 68. Kb6 Nb8 69. Kc7 Na6+ 70. Kc8 (70. Kb6 $5 Nb8 $8 71. Kc7 Na6+ 72. Kd6 $11) 70... Ka5 71. b8=Q Nxb8 1/2-1/2

[Event "Hungarian U20 Junior-ch Men 2024"]
[Site "Budapest"]
[Date "2024.03.12"]
[Round "2.3"]
[White "Gombocz, Ferenc Jr."]
[Black "Bodrogi, Bendeguz"]
[Result "0-1"]
[ECO "D02"]
[WhiteElo "2351"]
[BlackElo "2316"]
[Annotator "TA"]
[PlyCount "68"]
[EventDate "2024.03.10"]
[EventCountry "HUN"]
[SourceTitle "playchess.com"]
[Source "ChessBase"]
[SourceQuality "1"]
[TimeControl "40/5400+30:1800+30"]

1. d4 d5 2. Nf3 e6 3. Bf4 Bd6 4. e3 Bxf4 5. exf4 Ne7 6. h4 b6 7. h5 h6 8. g4 {[%emt 0:01:59] The position is equal.} c5 9. c3 O-O 10. Na3 Nbc6 11. Qd2 Qc7 (11... cxd4 $11 {should be considered.} 12. cxd4 f6) 12. Bd3 (12. Rg1 $14) 12... f6 $11 {[%emt 0:02:13] Hoping for ...e5.} 13. Nb5 Qb8 {[%emt 0:00:18] aiming for ...a6.} 14. O-O-O a6 15. Na3 cxd4 16. cxd4 b5 17. Nc2 b4 18. b3 a5 $1 19. Rdg1 $1 Ba6 20. g5 $2 {[%emt 0:02:35][%mdl 8192] [#] This move loses the game for White.} (20. Bxa6 $1 $11 {and White is okay.} Rxa6 21. Nh4) 20... Bxd3 $19 21. gxh6 Be4 22. Rxg7+ Kh8 23. Nh4 Bxh1 24. f3 (24. Ng6+ $142 Nxg6 25. hxg6) 24... Rg8 25. Rf7 Qe8 26. Rxf6 Qxh5 27. Qh2 Bxf3 28. Ne1 Be4 29. Rxe6 Rac8 30. f5 Nxd4+ {[%emt 0:00:21] Black mates.} 31. Kb2 {[%emt 0:00:03] [#]} Rg2+ $3 32. Nexg2 (32. Qxg2 Bxg2) 32... Qe2+ 33. Ka1 Qd1+ 34. Kb2 Qc1# {[%emt 0:00:05] Weighted Error Value: White=1.43/Black=0.12 (very precise) .  Loses game:     	White=1     	---        Mistake:       	White=2     	Black=1      Inaccurate:     	White=2     	Black=3      OK:         	White=4     	Black=11     Best:        	White=1     	---        Strong:       	White=1     	Black=1} 0-1

[Event "Hungarian U20 Junior-ch Men 2024"]
[Site "Budapest"]
[Date "2024.03.12"]
[Round "2.4"]
[White "Szikszai, Bertalan"]
[Black "Kolimar, Kristof Pal"]
[Result "0-1"]
[ECO "B40"]
[WhiteElo "2312"]
[BlackElo "2282"]
[Annotator "TA"]
[PlyCount "120"]
[EventDate "2024.03.10"]
[EventCountry "HUN"]
[SourceTitle "playchess.com"]
[Source "ChessBase"]
[SourceQuality "1"]
[TimeControl "40/5400+30:1800+30"]

1. e4 c5 2. Nf3 e6 3. Bd3 Nc6 4. O-O g5 5. c3 Bg7 6. Bb5 g4 7. Ne1 h5 8. Bxc6 {[%emt 0:02:28] The position is equal.} bxc6 9. d3 d6 10. f4 (10. f3 $11 {was preferrable.}) 10... Ne7 $15 11. Na3 Rb8 12. Qa4 Qc7 13. Nc4 d5 14. exd5 exd5 15. f5 $1 Bh6 {[%emt 0:04:49] Prevents Bf4} 16. f6 (16. Ne3 {simplifies} f6 17. d4 c4 18. b3) 16... Nf5 17. Na5 Bxc1 (17... Rxb2 {feels hotter.} 18. Nc2 Bxc1 19. Re1+ Be6) 18. Rxc1 Rxb2 19. Nc2 (19. Qa3 $1 $11 Rb5 20. Nb3) 19... Rb5 $2 {[%emt 0:05:16] Black is more active.} (19... Rb6 $1 $15 {keeps the upper hand.} 20. Rce1+ Kd8) 20. Nb3 (20. Rce1+ $16 Kf8 21. Nb3) 20... O-O $14 21. Rce1 {[%emt 0:03:25][%mdl 1024] Prevents Re8. White has compensation.} Qd6 22. Ne3 Nh6 (22... Qxf6 $2 23. Nxf5 (23. Nxd5 Qg5 $16) 23... Bxf5 24. Qf4 $18) (22... Nxe3 $1 $11 23. Rxe3 h4) 23. Qa3 (23. Nxd5 $1 $18 {Strongly threatening Ne7+.} Qxd5 24. c4) 23... Rd8 $16 24. Qc1 Kh7 25. Nc2 (25. Qc2 $16) 25... Rg8 $11 {[%emt 0:01:09] Black is weak on the dark squares} 26. Re7 (26. c4 $11 dxc4 27. dxc4) 26... Rg6 27. Qf4 Qxf4 28. Rxf4 Bf5 29. Na3 Rb6 30. Nxc5 Rb2 ({Much weaker is} 30... Rxf6 $6 31. Nd7 (31. Rxa7 $2 {loses.} Rb2 $19) 31... Rd6 32. Nxb6 axb6 33. Re1 $11) ({Black should play} 30... g3 $1 $15 31. Rb4 (31. hxg3 Rxg3 32. Nc2 Kg6 $17) 31... gxh2+ (31... Rxf6 32. hxg3 Rxb4 33. cxb4 $11) 32. Kxh2 Rxb4 (32... Rxf6 33. Nc2 $11) 33. cxb4 h4 (33... Rxf6 34. Nc2 $11)) 31. Rf2 $1 Rxf2 32. Kxf2 Rxf6 33. Ke2 (33. Ke1 $11) 33... h4 (33... g3 $1 $19 34. hxg3 Bg4+ 35. Ke1 Nf5 36. Rxa7 (36. Nd7 $2 Rd6 $19) 36... Nxg3) 34. Nc2 g3 35. hxg3 Bg4+ 36. Ke1 hxg3 {[%emt 0:00:01] Hoping for ...Rf2.} 37. Ne3 Rf2 38. Nxg4 Nxg4 $17 {[%emt 0:00:02][%mdl 4096] Endgame. KRN-KRN} 39. Re2 Kg6 40. Na6 $2 (40. d4 $1 $15) 40... Rf6 $19 41. Nb4 (41. Nc5 $142) 41... a5 42. Nc2 Kg5 $1 43. Nd4 {[%emt 0:01:24] [#]} a4 $1 44. Re8 (44. Nc2 $142) 44... Nh6 $2 (44... Rf2 $19 {and Black stays clearly on top.} 45. Re2 c5 46. Nf3+ Kf4) 45. Re3 (45. Nf3+ $17 Kg6 46. Ra8) 45... Kg4 46. Ne2 Nf5 47. Rf3 {[%emt 0:00:15][%cal Oe2g3] [#]} Rh6 $1 {[%emt 0:01:07] ...a3 would now be deadly.} 48. Rf4+ Kg5 49. Rf3 $2 (49. Rxa4 {was the crucial defense.} Rh1+ 50. Kd2) 49... Rh1+ 50. Kd2 {[%emt 0:01:19][%cal Of3f5] Black must now prevent Rxf5+!} Ra1 51. Nc1 a3 {[%emt 0:03:21] ...Kg4 is the strong threat.} 52. Kc2 d4 {[%emt 0:00:42] aiming for ...dxc3.} 53. Kd1 c5 54. cxd4 cxd4 55. Kc2 Kg4 56. Kd2 Rb1 {[%emt 0:00:36] Black mates.} 57. Ne2 Rb2+ 58. Ke1 Rxa2 59. Rf4+ Kg5 60. Re4 Rb2 {[%emt 0:00:25] Quite a comeback for Black.   Weighted Error Value: White=0.60/Black=0.20 (precise) .  Loses game:     	White=2     	Black=1      Missed win:     	---       	Black=1      Mistake:       	White=10    	Black=3      Inaccurate:     	White=4     	Black=2      OK:         	White=12    	Black=23     Best:        	White=7     	Black=6      Strong:       	White=2     	Black=1} 0-1

[Event "Hungarian U20 Junior-ch Men 2024"]
[Site "Budapest"]
[Date "2024.03.12"]
[Round "2.5"]
[White "Pasztor, Balazs"]
[Black "Juhasz, Agoston"]
[Result "1/2-1/2"]
[ECO "B12"]
[WhiteElo "2406"]
[BlackElo "2406"]
[Annotator "TA"]
[PlyCount "119"]
[EventDate "2024.03.10"]
[EventCountry "HUN"]
[SourceTitle "playchess.com"]
[Source "ChessBase"]
[SourceQuality "1"]
[TimeControl "40/5400+30:1800+30"]

1. e4 c6 2. d4 d5 3. e5 c5 4. Nf3 cxd4 5. Qxd4 Nc6 6. Qf4 {[%emt 0:00:07] B12: Caro-Kann: Advance Variation.} e6 7. Bd3 Nb4 8. Bd2 Nxd3+ 9. cxd3 Ne7 10. Nc3 Bd7 11. a4 Rc8 $146 ({Predecessor:} 11... h6 12. h4 a6 13. Ne2 Rc8 14. O-O g6 15. Rac1 Bg7 16. Rxc8 Bxc8 17. Rc1 O-O {1-0 Mastrovasilis,D (2603)-Jianu,V (2504) ITA-chT GpB 54th 2023 (2)}) 12. Ne2 Nf5 13. g4 Nh4 14. Nxh4 Qxh4 15. Qg3 Qd8 16. Bc3 {[%emt 0:05:19] [#]} d4 (16... Bc5 $1 $15) 17. Nxd4 $11 Bc5 18. Qf4 O-O 19. h4 (19. g5 $11) 19... f6 $1 $15 20. Rh3 Be7 21. Qe3 ({White should try} 21. Kf1 $11) 21... fxe5 $1 $15 22. Nf3 Bc6 (22... Bc5 $1 $17 23. Qxe5 Qe7) 23. g5 (23. h5 $11) 23... Rf5 24. Nxe5 Bd5 25. Ng4 (25. f4 $15) 25... Bc5 26. Qe2 Qd7 (26... e5 $142 27. Rg3 Qf8) 27. Ne3 Rf7 (27... Rf4 $17 {aiming for ...e5.} 28. Be5 Rxa4 29. Rxa4 Qxa4) 28. g6 $1 $11 hxg6 29. h5 $1 e5 30. hxg6 Qxh3 31. gxf7+ Bxf7 32. Qg4 Qxg4 33. Nxg4 Bd4 34. Kd2 Rc5 35. Rc1 Bb3 36. a5 Be6 37. Bxd4 Rxc1 38. Kxc1 exd4 39. Ne5 Bd5 $1 40. Kd2 Kf8 41. Ke2 Ke7 (41... Be6 $1 $11 {remains equal.}) 42. Nf3 $16 Kd6 43. Nxd4 Kc5 44. Ke3 Kb4 {[%emt 0:01:18] [#]} (44... g6 $16 45. f4 a6 (45... Kb4 46. Nf3 $16)) 45. Nf5 (45. Kf4 $1 $18 ) 45... Kxa5 46. Nxg7 Kb4 {[%emt 0:02:13] [#]} 47. Kd2 (47. Ne8 $1 $16 ) 47... a5 $11 48. Nf5 b5 49. Ne3 Bf7 50. Nc2+ Kc5 51. d4+ Kc4 52. Na3+ Kxd4 53. Nxb5+ Kc5 54. Na3 Kb4 55. Nc2+ Kb3 56. Kc1 a4 57. f4 Bg6 58. f5 Bxf5 59. Nd4+ Kb4 60. Nxf5 1/2-1/2